 Dungeon Crawl Stone Soup version 0.28-a0-925-gd5e1996cdb (webtiles) character file.

Game seed: 5337307296186732382

64 Ijustatesigmund the Charlatan (level 4, -2/34 HPs)
             Began as a Gnoll Artificer on Nov 26, 2021.
             Slain by a goblin (6 damage)
             ... led by Robin
             ... on level 2 of the Dungeon.
             The game lasted 00:03:18 (1244 turns).

Ijustatesigmund the Charlatan (Gnoll Artificer)     Turns: 1244, Time: 00:03:19

Health: -2/34      AC:  9    Str: 12    XL:     4   Next: 12%
Magic:  5/5        EV:  6    Int: 11    God:
Gold:   22         SH:  0    Dex: 12    Spells: 5/5 levels left

rFire   . . .      SeeInvis .   a - +0 club
rCold   . . .      Faith    .   (no shield)
rNeg    . . .      Spirit   .   b - +0 chain mail
rPois   .          Reflect  .   (no helmet)
rElec   .          Harm     .   (no cloak)
rCorr   .          Rampage  .   (no gloves)
Will    .....                   (no boots)
Stlth   ..........              f - amulet of regeneration
HPRegen 0.91/turn               (no ring)
MPRegen 0.09/turn               (no ring)

@: flying, invisible
A: fangs 1, strong nose, distributed training
a: no special abilities


You were on level 2 of the Dungeon.
You visited 1 branch of the dungeon, and saw 2 of its levels.

You collected 22 gold pieces.

Inventory:

Hand Weapons
 a - a +0 club (weapon)
Armour
 b - a +0 chain mail (worn)
Jewellery
 f - an amulet of regeneration (around neck)
Wands
 c - a wand of flame (9) (quivered)
 d - a wand of charming (12)
Scrolls
 g - a scroll of identify {unknown}
 k - a scroll of teleportation {unknown}
Miscellaneous
 e - a piece from Xom's chessboard (15/15)


   Skills:
 + Level 2.7 Fighting
 + Level 1.0 Short Blades
 + Level 1.0 Long Blades
 + Level 1.0 Axes
 + Level 1.0 Maces & Flails
 + Level 1.0 Polearms
 + Level 1.0 Staves
 + Level 1.0 Slings
 + Level 1.0 Bows
 + Level 1.0 Crossbows
 + Level 1.0 Throwing
 + Level 4.6 Armour
 + Level 2.7 Dodging
 + Level 2.5 Stealth
 + Level 1.0 Shields
 + Level 1.0 Unarmed Combat
 + Level 1.0 Spellcasting
 + Level 0.8 Conjurations
 + Level 0.8 Hexes
 + Level 0.8 Summonings
 + Level 0.8 Necromancy
 + Level 0.8 Translocations
 + Level 0.8 Transmutations
 + Level 0.8 Fire Magic
 + Level 0.8 Ice Magic
 + Level 0.8 Air Magic
 + Level 0.8 Earth Magic
 + Level 0.8 Poison Magic
 + Level 1.1 Invocations
 + Level 6.6 Evocations


You had 5 spell levels left.
You didn't know any spells.
Your spell library was empty.

Dungeon Overview and Level Annotations

Branches:
Dungeon (2/15)

Altars:

Annotations:
D:2 Robin


Innate Abilities, Weirdness & Mutations

You have very sharp teeth.
Your uncanny sense of smell can sniff out nearby items.
Your experience applies equally to all skills.


Message History

The goblin hits you with a +0 dagger. The goblin hits you but does no damage.
You hit Robin but do no damage. Robin hits you with a +0 falchion.
The goblin hits you with a +0 dagger. The goblin hits you but does no damage.
Robin hits you with a +0 falchion.
* * * LOW HITPOINT WARNING * * *
The goblin hits you with a +0 club.
* * * LOW HITPOINT WARNING * * *
The goblin hits you but does no damage.
It was a potion of flight.
You feel very buoyant.
You fly up into the air.
Robin barely misses you. The goblin barely misses you.
The goblin hits you but does no damage.
It was a potion of invisibility.
You fade into invisibility!
The goblin completely misses you. The goblin hits you but does no damage.
You barely miss Robin. Robin completely misses you.
The goblin hits you but does no damage. The goblin barely misses you.
You barely miss Robin. Your bite misses Robin.
Robin roars a battlecry!
The goblin goes into a battle-frenzy!
The goblin hits you with a +0 dagger.
You hit Robin.
Robin is lightly wounded.
Robin hits you with a +0 falchion.
* * * LOW HITPOINT WARNING * * *
The goblin hits you with a +0 dagger.
* * * LOW HITPOINT WARNING * * *
The goblin hits you with a +0 club.
* * * LOW HITPOINT WARNING * * *
As you read the scroll labelled AQETEXTO FIOXT, it crumbles to dust.
You hear a loud clanging noise!
It was a scroll of noise.
You hear an angry hiss.
Robin hits you but does no damage. The goblin hits you but does no damage.
The goblin completely misses you.
You hit Robin.
Robin is moderately wounded.
Robin closely misses you. The goblin hits you but does no damage.
The goblin hits you with a +0 club.
You die...

#..........#
#..........#
#..>.......#
#..........#
#..........# . #
#..........# ..
..##..........#
).##...........gg#
.... #........g@#
..... ###...######
.....#####....###
................#
..###..g####.####
...####.# #..#
........# ##.##
...####)#####..#
#.....##.##


You could see Robin and 2 goblins.

Vanquished Creatures
  An adder (D:1)
  A dart slug (D:1)
  2 ball pythons
  2 endoplasms
  3 giant cockroaches
  10 goblins
  15 hobgoblins
  2 jackals (D:1)
  A quokka (D:1)
  2 frilled lizards (D:1)
  2 kobolds (D:1)
  2 rats (D:1)
43 creatures vanquished.

Vanquished Creatures (collateral kills)
  A kobold (D:1)
1 creature vanquished.

Vanquished Creatures (others)
  2 jackals (D:1)
  2 plants (D:1)
4 creatures vanquished.

Grand Total: 48 creatures vanquished

Notes
Turn   | Place    | Note
-------+----------+-------------------------------------------
     0 | D:1      | Ijustatesigmund the Gnoll Artificer began the quest for the
                  | Orb.
     0 | D:1      | Reached XP level 1. HP: 17/17 MP: 1/1
   328 | D:1      | Reached XP level 2. HP: 23/23 MP: 2/2
   494 | D:1      | Reached XP level 3. HP: 26/28 MP: 3/3
   703 | D:1      | Found a faded altar of an unknown god.
  1089 | D:2      | Reached skill level 1 in Invocations
  1175 | D:2      | Noticed Robin
  1176 | D:2      | Reached skill level 1 in Short Blades
  1176 | D:2      | Reached skill level 1 in Long Blades
  1176 | D:2      | Reached skill level 1 in Axes
  1176 | D:2      | Reached skill level 1 in Maces & Flails
  1176 | D:2      | Reached skill level 1 in Polearms
  1176 | D:2      | Reached skill level 1 in Staves
  1176 | D:2      | Reached skill level 1 in Slings
  1176 | D:2      | Reached skill level 1 in Bows
  1176 | D:2      | Reached skill level 1 in Crossbows
  1176 | D:2      | Reached skill level 1 in Throwing
  1176 | D:2      | Reached skill level 1 in Shields
  1176 | D:2      | Reached skill level 1 in Unarmed Combat
  1176 | D:2      | Reached skill level 1 in Spellcasting
  1202 | D:1      | Reached XP level 4. HP: 26/34 MP: 5/5
  1244 | D:2      | Slain by a goblin

Illustrated notes

Levels and vault maps discovered:
D:1:      tarquinn_simple_flora_water_b, layout_rooms,
          dilly_ecumenical_altar_fadedgnrine
D:2:      layout_rooms, basic_altar, uniq_robin

Skill      XL: |  1  2  3 |
---------------+----------+-----
Invocations    | 1 |  1.1
Short Blades   | 1 |  1.0
Long Blades    | 1 |  1.0
Axes           | 1 |  1.0
Maces & Flails | 1 |  1.0
Polearms       | 1 |  1.0
Staves         | 1 |  1.0
Slings         | 1 |  1.0
Bows           | 1 |  1.0
Crossbows      | 1 |  1.0
Throwing       | 1 |  1.0
Shields        | 1 |  1.0
Unarmed Combat | 1 |  1.0
Spellcasting   | 1 |  1.0
Fighting       | |  2.7
Armour         | |  4.6
Dodging        | |  2.7
Stealth        | |  2.5
Conjurations   | |  0.8
Hexes          | |  0.8
Summonings     | |  0.8
Necromancy     | |  0.8
Translocations | |  0.8
Transmutations | |  0.8
Fire Magic     | |  0.8
Ice Magic      | |  0.8
Air Magic      | |  0.8
Earth Magic    | |  0.8
Poison Magic   | |  0.8
Evocations     | |  6.6

Action                   |  1- 3 |  4- 6 || total
-------------------------+-------+-------++-------
Melee: Club              |   230 |    20 ||   250
       Bite              |    24 |     1 ||    25
Evoke: Wand              |     9 |       ||     9
  Use: Potion            |       |     2 ||     2
       Scroll            |       |     1 ||     1
 Stab: Sleeping          |     2 |       ||     2
Armor: Leather armour    |    34 |       ||    34
       Chain mail        |    61 |    28 ||    89
Dodge: Dodged            |   128 |    13 ||   141

Table legend: (Time is in decaauts)
 A = Elapsed time spent in this place.
 B = Non-inter-level travel time spent in this place.
 C = Inter-level travel time spent in this place.
 D = Time resting spent in this place.
 E = Time spent auto-exploring this place.
 F = Levels seen in this place.
 G = Mean time per level.
                   A        B        C        D        E       F      G
               +--------+--------+--------+--------+--------+-----+--------+
         Total |   1312 |   1271 |     41 |    252 |    542 |   2 |  656.0 |
       Dungeon |   1312 |   1271 |     41 |    252 |    542 |   2 |  656.0 |
               +--------+--------+--------+--------+--------+-----+--------+

Top non-repeatable levels by time:
     D:1: 1145 daAuts
     D:2: 167 daAuts
